 Dungeon Crawl Stone Soup version 0.30-a0-1160-g6e42c06551 (webtiles) character file.

Game seed: 5362493022131589509

37 ragingrage the Shooter (level 3, -1/33 HPs)
             Began as a Naga Hunter on Apr 25, 2023.
             Slain by an adder (2 damage)
             ... on level 1 of the Dungeon.
             The game lasted 00:00:54 (1061 turns).

ragingrage the Shooter (Naga Hunter)                Turns: 1061, Time: 00:00:54

Health: -1/33      AC:  2    Str: 13    XL:     3   Next: 39%
Magic:  3/3        EV: 10    Int:  9    God:
Gold:   14         SH:  0    Dex: 16    Spells: 2/2 levels left

rFire   . . .        a - +0 shortbow
rCold   . . .        (shield currently unavailable)
rNeg    . . .        c - +0 leather armour
rPois   +            (no helmet)
rElec   .            (no cloak)
rCorr   .            (no gloves)
SInv    +            (no barding)
Will    .....        (no amulet)
Stlth   ++           (no ring)
HPRegen 0.25/turn    (no ring)
MPRegen 0.08/turn

%: no passive effects
@: brilliant, very slow
A: AC +1, large, see invisible, deformed body, poison resistance, slowness 2,
spit poison 1, naga tail 1
a: Spit Poison


You were on level 1 of the Dungeon.
You visited 1 branch of the dungeon, and saw 2 of its levels.

You collected 14 gold pieces.

Inventory:

Hand Weapons
 a - a +0 shortbow (weapon)
Armour
 c - a +0 leather armour (worn)
Jewellery
 g - a ring of protection from cold
Wands
 h - a wand of iceblast (6)
Scrolls
 b - a scroll of immolation
 e - a scroll of teleportation
 f - 3 scrolls of identify


   Skills:
 + Level 2.5 Fighting
 + Level 3.9 Ranged Weapons
 + Level 2.0 Dodging
 + Level 2.8 Stealth


You had 2 spell levels left.
You didn't know any spells.
Your spell library contained the following spells:

 Spells                   Type           Power      Damage    Failure   Level
 Magic Dart               Conj           0%         1d3       45%         1
 Searing Ray              Conj           0%         2d4       61%         2
 Fulminant Prism          Conj/Hex       0%         3d5       99%         4


Dungeon Overview and Level Annotations

Branches:
Dungeon (2/15)

Altars:

Shops:
D:2 !

Annotations:
D:2 Terence


Innate Abilities, Weirdness & Mutations

Your serpentine skin is tough. (AC +1)
You have supernaturally acute eyesight. (SInv)
Armour fits poorly on your strangely shaped body.
Your system is resistant to poisons. (rPois)
You cover ground very slowly.
You can spit poison.
You have a snake-like lower body.


Message History

* * * LOW HITPOINT WARNING * * *
Fire: a) +0 shortbow
Aim: an adder (44% to hit)
You shoot an arrow. The arrow misses the adder.
The adder bites you.
* * * LOW HITPOINT WARNING * * *
The adder barely misses you.
Aiming: Spit Poison (2% risk of failure)
Aim: an adder (37% to hit)
The splash of poison misses the adder.
The adder bites you.
* * * LOW HITPOINT WARNING * * *
It was a potion of brilliance.
You feel clever all of a sudden. The adder barely misses you.
The adder closely misses you.
Unknown command.
Fire: a) +0 shortbow
Aim: an adder (44% to hit)
You shoot an arrow. The arrow misses the adder.
The adder bites you but does no damage.
Fire: a) +0 shortbow
Aim: an adder (44% to hit)
You shoot an arrow. The arrow closely misses the adder.
You have got your breath back.
The adder bites you.
* * * LOW HITPOINT WARNING * * *
The adder closely misses you.
Okay, then.
As you read the scroll labelled NYCUIC SACU, it crumbles to dust.
It is a scroll of identify.
e - a scroll of teleportation The adder barely misses you.
Unknown command.
Fire: a) +0 shortbow
Aim: an adder (44% to hit)
You shoot an arrow.
The arrow hits the adder but does no damage.
The adder bites you.
* * * LOW HITPOINT WARNING * * *
The adder bites you.
You die...

##.......⌠..# ##...#....#
#...........## ###...##.#
#.......⌠.⌠..## ####....#.#
#.............## #.......#.#
##.....⌠.⌠.⌠...###.###...#.#
#..............#..# #...#.#
##...#######..##.## #...#..
#...#####.S.....####...#..
#........@.............'..
##.######.#..######†####..
#.# #.#.......#.# #.. #.#
#.##...##.#.# #.. #.#
#......##.#.# #.. #.#
#########.#.# #.. #.#
#.......#.####.. #.#
#.#####.....##.. #.#
#.........#.####


You could see an adder.

Vanquished Creatures
  A dart slug (D:1)
  3 bats
  2 endoplasms
  3 goblins (D:1)
  4 hobgoblins (D:1)
  4 jackals (D:1)
  4 quokkas
  3 ball pythons (D:1)
  A frilled lizard (D:1)
  A kobold (D:1)
  5 rats (D:1)
31 creatures vanquished.

Notes
Turn   | Place    | Note
-------+----------+-------------------------------------------
     0 | D:1      | ragingrage the Naga Hunter began the quest for the Orb.
     0 | D:1      | Reached XP level 1. HP: 19/19 MP: 1/1
   151 | D:1      | Reached XP level 2. HP: 26/26 MP: 2/2
   493 | D:1      | Reached XP level 3. HP: 30/33 MP: 3/3
   991 | D:2      | Found Vomyaga's Distillery.
  1026 | D:2      | Noticed Terence
  1061 | D:1      | HP: 1/33 [adder (2)]
  1061 | D:1      | Slain by an adder

Illustrated notes

Levels and vault maps discovered:
D:1:      eino_arrival_cavern_a, layout_basic
D:2:      layout_loops_ring, serial_shops, shop, minmay_misc_feat_roman,
          uniq_terence

Skill      XL: |  1  2  3 |
---------------+----------+-----
Stealth        | 2 |  2.8
Dodging        | 2 |  2.0
Fighting       | |  2.5
Ranged Weapons | |  3.9

Action                     || total
---------------------------++-------
   Fire: Shortbow          ||    77
Ability: Spit Poison       ||     3
    Use: Scroll            ||     1
         Potion            ||     1
 Armour: Leather armour    ||     5
  Dodge: Dodged            ||    25

Table legend: (Time is in decaauts)
 A = Elapsed time spent in this place.
 B = Non-inter-level travel time spent in this place.
 C = Inter-level travel time spent in this place.
 D = Time resting spent in this place.
 E = Time spent auto-exploring this place.
 F = Levels seen in this place.
 G = Mean time per level.
                   A        B        C        D        E       F      G
               +--------+--------+--------+--------+--------+-----+--------+
         Total |   1418 |   1384 |     34 |     50 |   1129 |   2 |  709.0 |
       Dungeon |   1418 |   1384 |     34 |     50 |   1129 |   2 |  709.0 |
               +--------+--------+--------+--------+--------+-----+--------+

Top non-repeatable levels by time:
     D:1: 1218 daAuts
     D:2: 200 daAuts
